 Dungeon Crawl Stone Soup version 0.19.1 (webtiles) character file.

56 JeffiDaFish the Covered (level 3, 0/23 HPs)
             Began as a Gargoyle Fighter on Dec 7, 2016.
             Slain by a goblin
             ... wielding a cursed -2 club
             ... led by Robin
              (1 damage)
             ... on level 3 of the Dungeon.
             The game lasted 00:02:05 (1424 turns).

JeffiDaFish the Covered (Gargoyle Fighter)          Turns: 1424, Time: 00:02:06

Health: 0/23       AC: 10    Str: 24    XL:     3   Next: 95%
Magic:  3/3        EV:  7    Int:  8    God:
Gold:   93         SH:  9    Dex: 10    Spells: 0 memorised, 2 levels left

rFire  + . .     SeeInvis .     a - +1 flail
rCold  . . .     Gourm    .     b - +0 scale mail
rNeg   + . .     Faith    .     c - +0 shield
rPois  ∞         Spirit   .     (no helmet)
rElec  +         Reflect  .     (no cloak)
rCorr  .         Harm     .     (no gloves)
MR     .....     Rnd*Rage +     (no boots)
Stlth  ..........               (no amulet)
                                (no ring)
                                (no ring)

@: mighty
A: fangs 1, berserk 1, fire resistance 1, negative energy resistance 1,
electricity resistance, unbreathing, petrification resistance, rot immunity, AC
+3
a: no special abilities


You were on level 3 of the Dungeon.
You were not hungry.

You visited 1 branch of the dungeon, and saw 3 of its levels.

You collected 93 gold pieces.

Inventory:

Hand Weapons
 a - a +1 flail (weapon)
Armour
 b - a +0 scale mail (worn)
 c - a +0 shield (worn)
Scrolls
 e - 4 scrolls of identify
 j - 2 scrolls of teleportation
Comestibles
 f - 4 bread rations
 g - 2 chunks of flesh
 h - 2 meat rations
 i - 2 royal jellies
 k - 4 fruits


   Skills:
 + Level 3.5 Fighting
 + Level 2.8 Maces & Flails
 + Level 3.9 Armour
 + Level 0.2 Dodging
 + Level 3.7 Shields


You had 2 spell levels left.
You didn't know any spells.

Dungeon Overview and Level Annotations

Branches:
Dungeon (3/15)

Altars:

Annotations:
D:3 Robin


Innate Abilities, Weirdness & Mutations

You are resistant to torment.
Your stone body is resilient. (AC +3)
You are immune to poison.
You resist negative energy. (rN+)
You are resistant to electric shocks. (rElec)
You can survive without breathing.
You are immune to petrification.
You are immune to rotting.
You have very sharp teeth.
You tend to lose your temper in combat.
Your flesh is heat resistant. (rF+)


Message History

The goblin hits you with a dagger of freezing.
The goblin freezes you.
* * * LOW HITPOINT WARNING * * *
You block the goblin's attack. You block the rat's attack.
The goblin hits you but does no damage.
You closely miss the goblin. You block the goblin's attack.
The goblin hits you but does no damage. The goblin barely misses you.
The rat bites you but does no damage. The goblin hits you.
* * * LOW HITPOINT WARNING * * *
The goblin hits you with a dagger.
* * * LOW HITPOINT WARNING * * *
The goblin hits you but does no damage. You block Robin's attack.
You feel very mighty all of a sudden. The goblin hits you but does no damage.
You block the rat's attack. The goblin barely misses you.
The goblin hits you but does no damage. x2
You thump Robin! Your bite misses Robin.
Robin is severely wounded.
You block Robin's attack. You block the rat's attack.
The goblin closely misses you. The goblin hits you with a club.
You die...

≈≈♣≈≈.. ≈≈≈≈.
≈≈≈.. ... ...
#.♣ #.#
.######g##
.....og@g#
.....grggg#
.......gg.#
............
.............
...............
...............
..?.$..........


You could see Robin, an orc, 3 hobgoblins, 5 goblins and a rat.

Vanquished Creatures
  An adder (D:2)
  A worm (D:2)
  A dart slug (D:1)
  A leopard gecko (D:2)
  5 giant cockroaches
  6 goblins
  5 hobgoblins
  3 jackals (D:2)
  4 bats
  3 frilled lizards
  2 kobolds
  6 rats
38 creatures vanquished.

Notes
Turn   | Place    | Note
-------+----------+-------------------------------------------
     0 | D:1      | JeffiDaFish the Gargoyle Fighter began the quest for the Orb.
     0 | D:1      | Reached XP level 1. HP: 14/14 MP: 1/1
   186 | D:1      | Reached XP level 2. HP: 18/19 MP: 2/2
   854 | D:2      | Found a faded altar of an unknown god.
   858 | D:2      | Reached XP level 3. HP: 23/23 MP: 3/3
  1219 | D:2      | Gained mutation: You have very sharp teeth. [potion of mutation]
  1219 | D:2      | Gained mutation: Your flesh is heat resistant. (rF+) [potion of mutation]
  1219 | D:2      | Gained mutation: You tend to lose your temper in combat. [potion of mutation]
  1414 | D:3      | Noticed Robin
  1422 | D:3      | HP: 1/23 [goblin/dagger[Robin] (4)]
  1424 | D:3      | Slain by a goblin

Action                   || total
-------------------------++-------
Melee: Flail             ||   112
       Bite              ||     2
  Use: Scroll            ||     4
       Potion            ||     5
  Eat: Chunk             ||     2
Armor: Scale mail        ||    78
Dodge: Dodged            ||    45
Block: Shield            ||    63
